Map: Acid Plant LE

Players

DnS - Winner!

  • Race: Protoss Protoss
  • Spawn Location: 11:00

souL

  • Race: Terran Terran
  • Spawn Location: 5:00

Event: WCS Leipzig 2018

VOD

Have the link to the VOD?

Description

Time

  • Played on: Jan. 26, 2018, 9:50 a.m.
  • Length: 9:13

All games in this series

Show
View Real Time Build Order
Export as new Build Order

DnS Protoss - Winner!

Build Orders: 1 Gate Expand, Blink Stalkers, Zealot Archon, Dark Templar Rush 

Get SALT Encoding   

  12  0:00  Probe  
  13  0:12  Probe  
  14  0:19  Pylon  
  14  0:24  Probe  
  15  0:37  Probe (Chrono Boost)  
  15  0:40  Gateway  
  16  0:46  Probe (Chrono Boost)  
  16  0:48  Assimilator  
  17  0:51  Probe (Chrono Boost)  
  18  1:03  Probe  
  19  1:15  Probe  
  20  1:24  Nexus  
  20  1:35  Cybernetics Core  
  20  1:37  Probe  
  21  1:42  Assimilator  
  21  1:49  Probe  
  21  1:52  Pylon  
  22  2:01  Probe  
  23  2:10  Adept (Chrono Boost)  
  23  2:11  Warp Gate  
  23  2:13  Probe  
  26  2:24  Twilight Council  
  26  2:25  Probe  
  27  2:30  Stalker (Chrono Boost)  
  29  2:40  Probe (Chrono Boost)  
  31  2:45  Probe (Chrono Boost)  
  31  2:50  Probe (Chrono Boost)  
  32  2:53  Probe (Chrono Boost)  
  32  2:56  Probe  
  34  3:02  Dark Shrine  
  34  3:05  Probe (Chrono Boost)  
  35  3:07  Gateway  
  35  3:08  Probe (Chrono Boost)  
  36  3:19  Probe (Chrono Boost)  
  38  3:21  Probe (Chrono Boost)  
  38  3:22  Stalker  
  38  3:24  Probe (Chrono Boost)  
  41  3:27  Pylon  
  41  3:28  Probe  
  42  3:39  Probe  
  43  3:46  Probe  
  43  3:48  Blink (Chrono Boost)  
  44  3:52  Probe  
  44  3:53  Pylon  
  44  3:54  Assimilator  
  41  3:56  Gateway  
  41  3:58  Probe  
  41  4:00  Pylon  
  42  4:04  Probe  
  42  4:07  Assimilator  
  43  4:10  Probe  
  43  4:15  Pylon  
  43  4:16  Probe  
  43  4:17  Dark Templar  
  47  4:22  Probe  
  47  4:23  Pylon  
  48  4:25  Dark Templar  
  50  4:36  Probe x2  
  52  4:39  Pylon  
  52  4:51  Stalker x2  
  53  4:58  Dark Templar  
  53  5:02  Probe  
  53  5:04  Probe  
  55  5:14  Probe  
  55  5:16  Probe  
  55  5:21  Stalker x2  
  55  5:26  Probe  
  55  5:28  Probe, Nexus, Charge (Chrono Boost)  
  61  5:29  Pylon  
  61  5:38  Probe  
  60  5:44  Probe  
  60  5:46  Stalker x2  
  60  5:47  Stalker  
  67  5:50  Probe  
  67  5:52  Forge  
  67  5:53  Forge  
  68  5:58  Robotics Facility  
  68  6:00  Probe  
  68  6:02  Probe  
  70  6:09  Forge  
  70  6:12  Probe  
  70  6:14  Pylon  
  69  6:19  Probe  
  69  6:21  Sentry x3  
  76  6:31  Probe (Chrono Boost)  
  75  6:35  Probe (Chrono Boost), Protoss Ground Weapons Level 1 (Chrono Boost)  
  75  6:39  Protoss Ground Armor Level 1 (Chrono Boost)  
  76  6:40  Probe (Chrono Boost)  
  80  6:47  Observer  
  80  6:49  Probe (Chrono Boost)  
  80  6:50  Probe x2 (Chrono Boost)  
  81  6:55  Probe x2 (Chrono Boost)  
  81  6:56  Gateway  
  81  6:57  Probe, Gateway  
  81  6:59  Gateway  
  84  7:01  Gateway  
  84  7:03  Gateway  
  84  7:07  Probe  
  85  7:12  Zealot x3  
  94  7:30  Probe x2  
  94  7:31  Probe, Assimilator  
  94  7:32  Pylon  
  94  7:34  Zealot, Dark Templar x2  
  102  7:38  Archon  
  102  7:40  Pylon  
  102  7:42  Probe, Warp Prism  
  102  7:43  Pylon  
  101  7:45  Probe  
  101  7:47  Probe  
  101  7:48  Assimilator  
  103  7:58  Dark Templar x2  
  107  7:59  Zealot x3  
  107  8:03  Archon  
  107  8:04  Templar Archives  
  113  8:05  Zealot  
  113  8:06  Zealot x2  
  113  8:10  Pylon  
  119  8:25  Zealot x2, Dark Templar  
  119  8:26  Zealot x3  
  131  8:31  Zealot x2, Pylon  
  135  8:52  Stalker x2  
  135  8:53  Stalker  
  135  8:55  Nexus  
  139  8:58  Zealot x2  
  139  8:59  Zealot x2  
Show
View Real Time Build Order
Export as new Build Order

souL Terran 

Build Orders: Gas First Reaper Expand, Reaper Expand, MMM Bio 

Get SALT Encoding   

  12  0:00  SCV  
  13  0:13  SCV  
  14  0:17  Supply Depot  
  14  0:25  SCV  
  14  0:27  Refinery  
  15  0:39  SCV  
  16  0:45  Barracks  
  16  0:51  SCV  
  17  1:03  SCV  
  18  1:16  SCV  
  19  1:32  Orbital Command  
  19  1:33  Reaper  
  20  1:47  Command Center  
  20  1:58  Factory  
  20  2:02  SCV  
  20  2:07  Barracks Reactor  
  21  2:15  SCV  
  22  2:18  Supply Depot  
  22  2:27  SCV  
  23  2:40  SCV  
  24  2:50  Starport  
  23  2:54  Hellion x2  
  23  2:55  SCV  
  28  2:59  Marine  
  28  3:00  Orbital Command  
  29  3:07  SCV  
  30  3:15  Hellion x2  
  34  3:20  SCV  
  34  3:25  Medivac  
  34  3:26  SCV  
  38  3:32  SCV  
  39  3:34  Supply Depot  
  39  3:38  SCV  
  39  3:48  SCV  
  44  3:53  SCV  
  43  4:00  SCV, Command Center  
  40  4:05  SCV, Marine  
  40  4:06  Marine  
  40  4:07  Cyclone  
  46  4:12  SCV  
  46  4:13  Bunker  
  46  4:15  Refinery  
  47  4:18  SCV  
  47  4:20  Supply Depot  
  48  4:24  SCV  
  48  4:26  Marine x2  
  48  4:30  SCV  
  52  4:36  SCV  
  52  4:38  Barracks  
  53  4:39  Barracks  
  53  4:43  Factory Tech Lab  
  53  4:44  Engineering Bay  
  53  4:45  SCV  
  54  4:50  Marine  
  55  4:56  Marine  
  49  5:02  Siege Tank  
  49  5:08  Marine  
  49  5:11  SCV  
  51  5:14  Marine  
  51  5:18  Missile Turret  
  50  5:23  SCV  
  50  5:24  SCV  
  50  5:26  Marine  
  53  5:31  Orbital Command  
  51  5:36  SCV x2  
  51  5:41  Missile Turret  
  53  5:44  Barracks Tech Lab  
  53  5:48  SCV  
  54  5:57  Stimpack  
  54  5:58  SCV  
  54  6:00  Marine  
  56  6:04  SCV  
  56  6:06  Combat Shields  
  56  6:07  SCV  
  56  6:09  Marine  
  59  6:11  SCV  
  59  6:15  Refinery  
  59  6:18  SCV  
  61  6:20  Marine  
  61  6:21  SCV  
  63  6:31  SCV, Marine  
  63  6:32  SCV  
  58  6:34  Terran Infantry Weapons Level 1  
  58  6:38  Engineering Bay  
  58  6:39  Refinery  
  58  6:43  Factory Reactor  
  58  6:44  SCV x2  
  58  6:45  Starport Reactor  
  63  6:55  Supply Depot  
  63  6:56  SCV  
  63  6:57  SCV  
  63  6:59  Marine x2, Marauder x2  
  63  7:00  Orbital Command  
  68  7:05  Terran Infantry Armor Level 1  
  68  7:08  SCV  
  69  7:09  SCV  
  70  7:16  Marine  
  70  7:18  Marine  
  70  7:20  SCV, Marauder  
  70  7:21  SCV, Marine  
  73  7:25  Medivac  
  73  7:26  Missile Turret  
  73  7:28  Medivac  
  77  7:30  SCV  
  77  7:32  SCV  
  77  7:33  SCV  
  77  7:34  Marine  
  77  7:36  Marine  
  82  7:38  Widow Mine  
  82  7:41  Marine  
  85  7:44  Supply Depot  
  85  7:46  Supply Depot  
  85  7:49  Concussive Shells  
  85  7:52  SCV  
  85  7:54  SCV, Supply Depot  
  85  7:57  Supply Depot  
  85  8:01  Sensor Tower  
  85  8:11  Armory  
  85  8:14  Supply Depot  
  85  8:15  SCV x2  
  85  8:16  Widow Mine x2, Marauder  
  85  8:19  SCV, Supply Depot, Marine x2, Marauder  
  98  8:28  SCV x2  
  98  8:31  SCV  
  101  8:37  Widow Mine  
  101  8:40  SCV x2, Marine x2, Marauder  
  101  8:41  Marauder  
  117  8:43  Barracks x2  
  117  8:45  Supply Depot x2  
  117  8:49  SCV  
  117  8:52  SCV  
  117  8:54  SCV  
  114  9:00  Supply Depot  
  114  9:01  Ghost Academy  
Tags
 
Add a new tag
Caveats
  • Supply blocks, unpowered buildings, or Contaminate may cause inaccurate times.
  • Supply counts are checked every 10 seconds.